 Dungeon Crawl Stone Soup version 0.31-a0-844-gdc52ec4e09 (webtiles) character file.

Game seed: 2553698792601671617

512 Maratek the Chopper (level 7, -1/61 HPs)
             Began as a Hill Orc Fighter on Sept 28, 2023.
             Was an Initiate of Beogh.
             Slain by Duvessa
             ... wielding a +0 short sword
              (6 damage)
             ... on level 5 of the Dungeon.
             The game lasted 00:06:35 (3790 turns).

Maratek the Chopper (Hill Orc Fighter)              Turns: 3790, Time: 00:06:36

Health: -1/61      AC:  9    Str: 21    XL:     7   Next: 19%
Magic:  7/7        EV:  9    Int:  8    God:    Beogh [......]
Gold:   200        SH:  0    Dex: 10    Spells: 6/6 levels left

rFire   . . .        a - +1 war axe
rCold   . . .        c - +0 buckler
rNeg    . . .        b - +0 scale mail
rPois   .            (no helmet)
rElec   .            k - +1 cloak
rCorr   .            (no gloves)
SInv    .            (no boots)
Will    .....        o - amulet of faith Stlth
                     (no ring)
HPRegen 0.30/turn    (no ring)
MPRegen 0.10/turn

%: faith
@: confused, mighty
A: no striking features
a: Renounce Religion


You were on level 5 of the Dungeon.
You worshipped Beogh.
Beogh was noncommittal.
You visited 2 branches of the dungeon, and saw 6 of its levels.

You collected 200 gold pieces.

Inventory:

Hand Weapons
 a - a +1 war axe (weapon)
Armour
 b - a +0 scale mail (worn)
 c - a +0 buckler (worn)
 k - a +1 cloak (worn)
Jewellery
 o - an amulet of faith (around neck)
Scrolls
 h - 2 scrolls of teleportation
 r - 2 scrolls of revelation
Potions
 d - a potion of might
 e - 2 potions of heal wounds {unknown}
 f - 4 potions of haste {unknown}
 g - 2 potions of lignification {unknown}
 i - 2 potions of enlightenment {unknown}
 j - a potion of cancellation {unknown}
 l - 3 potions of curing {unknown}
 p - a potion of ambrosia {unknown}
 s - a potion of degeneration {unknown}


   Skills:
 + Level 5.0 Fighting
 + Level 6.9 Axes
 + Level 5.3 Armour
 + Level 1.0 Dodging
 + Level 0.1 Stealth
 + Level 4.0 Shields


You had 6 spell levels left.
You didn't know any spells.
Your spell library contained the following spells:

 Spells                   Type           Power      Damage    Failure   Level
 Kiss of Death            Conj/Necr      0%         2d5       80%         1
 Ensorcelled Hibernation  Hex/Ice        0%         N/A       91%         2
 Passwall                 Tmut/Erth      0%         N/A       91%         2
 Confusing Touch          Hex            0%         N/A       99%         3
 Swiftness                Air            0%         N/A       99%         3
 Dispel Undead            Necr           0%         3d6       100%        4


Dungeon Overview and Level Annotations

Branches:
Dungeon (5/15)             Temple (1/1) D:5

Altars:
Cheibriados
Dithmenos
Elyvilon
Gozag
Hepliaklqana
Kikubaaqudgha
Makhleb
Nemelex Xobeh
Okawaru
Ru
Trog
Uskayaw
Vehumet
Xom
Yredelemnul
The Shining One

Annotations:
D:5 Duvessa


Message History

Things that are here:
a +0 dagger; a +0 robe; the elf corpse of Dowan The orc wizard points at you and mumbles some strange words.
The magic dart hits you!
You are too confused!
You are too confused!
You feel less confused. Duvessa hits you but does no damage.
You slash Duvessa!
Duvessa is moderately wounded.
Duvessa closely misses you.
The orc wizard casts a spell.
The orc wizard flickers and vanishes!
Deactivating autopickup; reactivate with Ctrl-A.
Duvessa hits you with a +0 short sword!
You slash Duvessa!
Duvessa is heavily wounded.
You miss something. Duvessa hits you with a +0 short sword!
You hear some strange, mumbled words.
You are confused.
Duvessa hits you with a +0 short sword!
You are too injured to fight recklessly!
You are too injured to fight recklessly!
You are too injured to fight recklessly!
You are too injured to fight recklessly!
You feel very mighty all of a sudden. Duvessa hits you with a +0 short sword!
* * * LOW HITPOINT WARNING * * *
Something hits you but does no damage.
You completely miss Duvessa.
Duvessa is heavily wounded.
You slash something! Duvessa hits you with a +0 short sword.
* * * LOW HITPOINT WARNING * * *
Duvessa hits you but does no damage. Something hits you but does no damage.
You closely miss something. You barely miss Duvessa.
Duvessa closely misses you.
You hear some strange, mumbled words.
A puff of flame appears from out of thin air!
The puff of flame misses you. Duvessa hits you with a +0 short sword.
You die...

##........## #..........#
#..........# #.....).o..#
#....).....# #..........#
##........##
##....)...##...#
#...@.)).......# .o
#..)e{.......... .o
.#####...........#.# . .#
........[..........# o# .#
.................####o# .#
...............#.##...##.#
.......)...........o###..#
......#..##..##..........#
.........##.###...{..o...#


You could see Duvessa (berserk) and a neutral orc priest (wandering).

Vanquished Creatures
  Edmund (D:4)
  A black bear (D:4)
  Dowan (D:5)
  A hound (D:3)
  An orc wizard (D:5)
  2 iguanas (D:4)
  A sleepcap (D:4)
  7 adders
  An ufetubus (D:5)
  A worm (D:2)
  A dart slug (D:1)
  7 orcs
  6 bats
  2 endoplasms (D:4)
  6 goblins
  10 hobgoblins
  A jackal (D:1)
  7 kobolds
  5 quokkas
  7 ball pythons
  2 frilled lizards
  9 rats
80 creatures vanquished.

Vanquished Creatures (others)
  An orc wizard (D:5)
  5 orcs (D:5)
  A quokka (D:5)
7 creatures vanquished.

Grand Total: 87 creatures vanquished

Notes
Turn   | Place    | Note
-------+----------+-------------------------------------------
     0 | D:1      | Maratek the Hill Orc Fighter began the quest for the Orb.
     0 | D:1      | Reached XP level 1. HP: 19/19 MP: 1/1
   105 | D:1      | Reached XP level 2. HP: 27/27 MP: 2/2
   276 | D:1      | Reached skill level 3 in Axes
   498 | D:2      | Reached XP level 3. HP: 33/33 MP: 3/3
   784 | D:2      | Found a burning altar of Makhleb.
  1029 | D:3      | Reached skill level 4 in Axes
  1029 | D:3      | Reached XP level 4. HP: 41/41 MP: 4/4
  1029 | D:3      | Found a basalt altar of Yredelemnul.
  1111 | D:3      | Found an ancient bone altar of Kikubaaqudgha.
  1645 | D:3      | Reached XP level 5. HP: 47/47 MP: 5/5
  1777 | D:4      | Noticed a black bear
  1791 | D:4      | Killed a black bear
  1792 | D:4      | Reached skill level 5 in Axes
  1792 | D:4      | Reached XP level 6. HP: 40/55 MP: 6/6
  1918 | D:4      | Found a shimmering altar of Xom.
  2149 | D:4      | Reached skill level 6 in Axes
  2149 | D:4      | Reached skill level 5 in Armour
  2630 | D:4      | Noticed Edmund
  2644 | D:4      | Killed Edmund
  2645 | D:4      | Reached skill level 5 in Fighting
  2645 | D:4      | Reached XP level 7. HP: 8/61 MP: 7/7
  3421 | D:5      | Entered Level 5 of the Dungeon
  3423 | D:5      | Found a white marble altar of Elyvilon.
  3455 | D:5      | Found a staircase to the Ecumenical Temple.
  3461 | Temple   | Entered the Ecumenical Temple
  3658 | D:5      | Noticed Duvessa
  3665 | D:5      | Noticed Dowan
  3734 | D:5      | Became a worshipper of Beogh the Brigand
  3777 | D:5      | Killed Dowan
  3778 | D:5      | Reached skill level 1 in Dodging
  3790 | D:5      | Slain by Duvessa

Illustrated notes

Levels and vault maps discovered:
D:1:      matt_arrival_diagonals, layout_rooms, st_stairs_8
D:2:      layout_loops_ring, basic_altar, minmay_misc_feat_x
D:3:      layout_basic, lemuel_tele_altar,
          mainiacjoe_overflow_concentric_impassable, item_on_display_a
D:4:      layout_basic, kennysheep_mini, chequers_big_river, grunt_ministairs_9,
          dk_vineyard_1, kennysheep_small_circle, uniq_edmund
D:5:      layout_rooms, mainiacjoe_overflow_tiny_flanked, elyvilon_altar_4,
          minmay_temple_entry_hall, uniq_duvessa
Temple:   minmay_temple_forest_path

Skill      XL: |  1  2  3  4  5  6  7 |
---------------+----------------------+-----
Axes           | 3 4 5 6 |  6.9
Fighting       | 4 5 |  5.0
Armour         | 4 5 |  5.3
Shields        | 4 |  4.0
Dodging        | 1 |  1.0
Stealth        | |  0.1

Action                     |  1- 3 |  4- 6 |  7- 9 || total
---------------------------+-------+-------+-------++-------
  Melee: War axe           |    99 |   121 |    25 ||   245
 Invoke: Convert to Beogh  |       |       |     1 ||     1
    Use: Potion            |       |     1 |     1 ||     2
         Scroll            |       |       |     5 ||     5
 Armour: Scale mail        |    61 |   102 |    41 ||   204
  Dodge: Dodged            |    53 |    63 |    13 ||   129
  Block: Buckler           |    20 |    19 |     6 ||    45

Table legend: (Time is in decaauts)
 A = Elapsed time spent in this place.
 B = Non-inter-level travel time spent in this place.
 C = Inter-level travel time spent in this place.
 D = Time resting spent in this place.
 E = Time spent auto-exploring this place.
 F = Levels seen in this place.
 G = Mean time per level.
                   A        B        C        D        E       F      G
               +--------+--------+--------+--------+--------+-----+--------+
         Total |   3878 |   3580 |    298 |    476 |   2454 |   6 |  646.3 |
       Dungeon |   3727 |   3579 |    148 |    476 |   2454 |   5 |  745.4 |
        Temple |    151 |      1 |    150 |      0 |      0 |   1 |  151.0 |
               +--------+--------+--------+--------+--------+-----+--------+

Top non-repeatable levels by time:
     D:4: 1703 daAuts
     D:3: 792 daAuts
     D:2: 552 daAuts
     D:1: 475 daAuts
     D:5: 202 daAuts
  Temple: 151 daAuts
